 Dungeon Crawl Stone Soup version 0.17.0-28-g6e173f8 (webtiles) character file.

3166 4thArraOfDagon the Cleaver (level 9, 0/124 HPs)
             Began as a Minotaur Berserker on Nov 24, 2015.
             Was a Believer of Trog.
             Slain by a troll (12 damage)
             ... on level 11 of the Dungeon.
             The game lasted 00:08:00 (1455 turns).

4thArraOfDagon the Cleaver (Minotaur Berserker)     Turns: 1455, Time: 00:08:00

Health: 0/124      AC:  8    Str: 28    XL:     9   Next: 63%
Magic:  8/8        EV: 11    Int:  5    God:    Trog [**....]
Gold:   122        SH:  2    Dex:  9    Spells: 0 memorised, 8 levels left

rFire  . . .     SeeInvis +     n - +1 broad axe
rCold  . . .     Clarity  .     e - +0 ring mail
rNeg   . . .     SustAt   .     (no shield)
rPois  .         Gourm    .     (helmet restricted)
rElec  .         Spirit   .     (no cloak)
rCorr  .         Warding  .     (no gloves)
rMut   .         Stasis   .     (no boots)
MR     .....                    h - amulet of rage
Stlth  ..........               (no ring)
                                j - ring of see invisible

@: berserking (expiring), very quick, not resistant to hostile enchantments,
extremely unstealthy
A: retaliatory headbutt, horns 2, large bone plates 1, dopey 1, wild magic 1
a: Berserk, Trog's Hand, Burn Spellbooks, Renounce Religion, Evoke Berserk Rage


You were on level 11 of the Dungeon.
You worshipped Trog.
Trog was pleased with you.
You were not hungry.

You visited 1 branch of the dungeon, and saw 11 of its levels.

You collected 122 gold pieces.

Inventory:

Hand Weapons
 n - a +1 broad axe (weapon)
Armour
 e - a +0 ring mail (worn)
Magical Staves
 q - an uncursed staff of earth {unknown}
Jewellery
 h - an amulet of rage (around neck)
 j - a ring of see invisible (left hand)
Wands
 f - a wand of fireball (15)
Scrolls
 b - a scroll of summoning {unknown}
 c - a scroll of teleportation {unknown}
 d - a scroll of recharging
 l - a scroll of immolation
Potions
 i - a potion of curing
 k - a potion of lignification {unknown}
 o - a potion of berserk rage {unknown}
Comestibles
 a - a meat ration


   Skills:
 + Level 9.0 Fighting
 * Level 11.8 Axes
 + Level 8.4 Armour
 - Level 2.1 Dodging


You had 8 spell levels left.
You didn't know any spells.

Dungeon Overview and Level Annotations

Branches:
Dungeon (11/15)              Lair (0/8) D:11
 Temple: D:4-7          Orc: D:9-12

Altars:
Makhleb

Shops:
D:5 }


Innate Abilities, Weirdness & Mutations

You reflexively headbutt those who attack you in melee.
You have a pair of horns on your head.
You are partially covered in large bone plates (AC +2, SH +2).
You are dopey. (Int -2)
Your spells are a little harder to cast, but a little more powerful.


Message History

You hit the bush.
The bush is lightly damaged.
You hit the bush but do no damage. You headbutt the bush!
The bush is lightly damaged.
You hit the bush but do no damage.
The bush is lightly damaged.
Unknown command.
Unknown command.
You hit the troll.
The troll is lightly wounded.
You hit the bush.
The bush is lightly damaged.
You hit the bush.
The bush is lightly damaged.
The troll bites you.
* * * LOW HITPOINT WARNING * * *
The troll claws you!
* * * LOW HITPOINT WARNING * * *
The troll claws you!
You die...

..............
#####...###### ######
#...# ###.....## #...#
##.........
#...######††........
#####........†..........
..............††.......P
..............♣.$P.PP♣..
#########.......@PP.P...
#....♣...T.>....
#......PP.P.P...
#......P........
#..............♣
#.....♣.........
..........♣..=..
..........P...P


You could see a troll.

Vanquished Creatures
  An unseen horror (D:11)
  An ugly thing (D:11)
  A red devil (D:11)
  A deep elf mage (D:9)
  A basilisk (D:11)
  A hungry ghost (D:10)
  4 porcupines (D:11)
  A sky beast (D:10)
  An orc warrior (D:10)
  An ice beast (D:6)
  A crocodile (D:10)
  2 big kobolds
  3 giant frogs (D:10)
  A water moccasin skeleton (D:4)
  A crimson imp (D:5)
  A quasit (D:6)
  2 orc priests
  2 orc wizards (D:10)
  A giant frog skeleton (D:10)
  7 sheep (D:11)
  2 worker ants
  2 river rats (D:11)
  4 adders
  2 shadow imps (D:10)
  An adder skeleton (D:4)
  A worm (D:2)
  2 giant geckos
  10 orcs
  2 bats (D:2)
  A goblin (D:2)
  A hobgoblin (D:2)
  A quokka (D:2)
  4 jackals (D:10)
  11 kobolds
  5 rats
  A plant (D:11)
84 creatures vanquished.

Notes
Turn   | Place    | Note
--------------------------------------------------------------
     0 | D:1      | 4thArraOfDagon the Minotaur Berserker began the quest for the Orb.
     0 | D:1      | Reached XP level 1. HP: 19/19 MP: 0/0
   120 | D:2      | :)
   124 | D:2      | Reached XP level 2. HP: 10/27 MP: 1/1
   141 | D:2      | Reached skill level 4 in Axes
   202 | D:3      | Noticed a phantom
   234 | D:4      | Noticed a water moccasin skeleton
   243 | D:4      | Killed a water moccasin skeleton
   243 | D:4      | Reached XP level 3. HP: 4/34 MP: 2/2
   296 | D:4      | Reached XP level 4. HP: 12/41 MP: 3/3
   334 | D:4      | :)
   402 | D:4      | :)
   406 | D:5      | Entered Level 5 of the Dungeon
   434 | D:5      | Reached skill level 5 in Axes
   448 | D:5      | :)
   461 | D:5      | :)
   486 | D:5      | Found Inaano Iliaps's Gadget Shoppe.
   494 | D:5      | :)
   497 | D:5      | Noticed an ogre
   553 | D:6      | Noticed an ice beast
   561 | D:6      | Reached XP level 5. HP: 39/47 MP: 4/4
   562 | D:6      | Killed an ice beast
   562 | D:6      | Reached skill level 5 in Fighting
   573 | D:6      | Noticed a phantom
   627 | D:7      | Reached skill level 6 in Axes
   648 | D:9      | Noticed a deep elf mage
   659 | D:9      | Killed a deep elf mage
   659 | D:9      | Reached XP level 6. HP: 51/56 MP: 5/5
   705 | D:10     | Entered Level 10 of the Dungeon
   720 | D:10     | Noticed a hungry ghost
   725 | D:10     | Killed a hungry ghost
   725 | D:10     | Reached skill level 7 in Axes
   725 | D:10     | Reached XP level 7. HP: 62/62 MP: 6/6
   767 | D:10     | Reached skill level 5 in Armour
   938 | D:10     | Reached ** piety under Trog
   945 | D:10     | Reached skill level 8 in Axes
  1011 | D:10     | Reached XP level 8. HP: 69/71 MP: 7/7
  1090 | D:10     | Reached skill level 9 in Axes
  1137 | D:11     | Noticed an unseen horror
  1142 | D:11     | Killed an unseen horror
  1142 | D:11     | Reached skill level 10 in Axes
  1160 | D:11     | Gained mutation: You are dopey. (Int -2) [mutagenic meat]
  1161 | D:11     | Gained mutation: You are partially covered in large bone plates (AC +2, SH +2). [mutagenic meat]
  1162 | D:11     | Gained mutation: Your spells are a little harder to cast, but a little more powerful. [mutagenic meat]
  1175 | D:11     | Noticed a hell beast
  1176 | D:11     | Noticed an orange demon
  1176 | D:11     | Noticed an orange demon
  1176 | D:11     | Noticed a red devil
  1177 | D:11     | Noticed a hell beast
  1177 | D:11     | Found a burning altar of Makhleb.
  1186 | D:11     | Noticed a purple ugly thing
  1195 | D:11     | Killed a purple ugly thing
  1195 | D:11     | Reached XP level 9. HP: 50/81 MP: 8/8
  1215 | D:11     | HP: 3/81 [red devil/trident (10)]
  1261 | D:11     | Killed a red devil
  1264 | D:11     | Reached skill level 11 in Axes
  1327 | D:11     | :)
  1435 | D:11     | Found a staircase to the Lair.
  1446 | D:11     | Noticed a troll
  1455 | D:11     | Slain by a troll

Action                   |  1- 3 |  4- 6 |  7- 9 || total
-------------------------+-------+-------+-------++-------
Melee: Hand axe          |    30 |    44 |       ||    74
       Broad axe         |       |       |    99 ||    99
Invok: Berserk           |       |     3 |     6 ||     9
       Trog's Hand       |       |       |     7 ||     7
  Use: Scroll            |       |       |     6 ||     6
  Eat: Chunk             |       |     2 |     6 ||     8
       Bread ration      |       |       |     2 ||     2
       Royal jelly       |       |       |     1 ||     1
